 Dungeon Crawl Stone Soup version 0.21-a0-110-g8e1637b (webtiles) character file.

7627 MackTheKnife the Martial Artist (level 10, -7/75 HPs)
             Began as a Demonspawn Necromancer on July 8, 2017.
             Was a Priest of Kikubaaqudgha.
             Mangled by a hornet (13 damage)
             ... on level 10 of the Dungeon.
             The game lasted 00:40:32 (12315 turns).

MackTheKnife the Martial Artist (DsNe)             Turns: 12315, Time: 00:40:33

Health: -7/75      AC:  4    Str: 11    XL:     10   Next: 98%
Magic:  5/20       EV: 14    Int: 16    God:    Kikubaaqudgha [***...]
Gold:   620        SH:  7    Dex: 15    Spells: 10/23 levels left

rFire    . . .     SeeInvis .     - Unarmed
rCold    . . .     Gourm    .   B - +2 buckler
rNeg     . . .     Faith    .   r - +0 leather armour
rPois    .         Spirit   .   (helmet restricted)
rElec    .         Reflect  .   D - +0 cloak
rCorr    +         Harm     .   (gloves unavailable)
MR       .....                  (boots unavailable)
Stlth    +.........             n - amulet of regeneration {+regen, !d}
HPRegen  1.62/turn              H - ring of resist corrosion
MPRegen  0.17/turn              (no ring)

@: lethally poisoned (-7 -> -7), regenerating, slowed, very slow
A: claws 3, hooves 3, horns 1
a: Receive Corpses, Renounce Religion


You were on level 10 of the Dungeon.
You worshipped Kikubaaqudgha.
Kikubaaqudgha was most pleased with you.
You were not hungry.

You visited 2 branches of the dungeon, and saw 11 of its levels.
You also visited: Sewer.

You collected 620 gold pieces.

Inventory:

Hand Weapons
 b - a +1 hunting sling of velocity
   (You found it on level 1 of the Dungeon)
Missiles
 h - 60 sling bullets
 m - 29 stones (quivered)
 I - a throwing net {=f, !d}
Armour
 r - a +0 leather armour (worn)
   (You found it on level 2 of the Dungeon)
 B - a +2 buckler (worn)
   (You found it on level 5 of the Dungeon)
 D - a +0 cloak (worn)
   (You found it in a sewer)
Magical Staves
 E - an uncursed staff of power {MP+17, !a}
   (You found it in a sewer)
Jewellery
 n - an amulet of regeneration (around neck) {+regen, !d}
   (You found it on level 2 of the Dungeon)
 F - an uncursed amulet of guardian spirit {unknown}
   (You found it on level 6 of the Dungeon)
 H - a ring of resist corrosion (left claw)
   (You found it on level 9 of the Dungeon)
Wands
 e - a wand of disintegration (0/24)
   (You found it on level 4 of the Dungeon)
 x - a wand of paralysis (0/24)
   (You took it off Ijyb on level 3 of the Dungeon)
 y - a wand of disintegration (7/24)
   (You found it on level 5 of the Dungeon)
 K - a wand of iceblast (8/15)
   (You found it on level 8 of the Dungeon)
Scrolls
 a - a scroll of immolation {unknown}
 p - 7 scrolls of remove curse
 q - 5 scrolls of magic mapping {!r}
 u - 3 scrolls of amnesia
 C - 2 scrolls of enchant armour
 G - a scroll of teleportation
 M - a scroll of identify
Potions
 g - a potion of mutation {unknown}
 i - 2 potions of heal wounds
 j - 2 potions of lignification {!q}
 k - 2 potions of brilliance {unknown}
 t - 3 potions of haste {unknown}
 v - 2 potions of magic {unknown}
 w - 2 potions of flight
 z - 3 potions of might
 A - a potion of invisibility {unknown}
Books
 d - Kikubaaqudgha's Grimoire of Stolen Souls
   (Kikubaaqudgha gifted it to you on level 5 of the Dungeon)

   Spells                             Type                      Level
   a - Animate Skeleton               Necromancy                   1
   b - Corpse Rot                     Necromancy                   2
   c - Sublimation of Blood           Necromancy                   2
   d - Vampiric Draining              Necromancy                   3
   e - Control Undead                 Necromancy                   4
 l - a book of Necromancy
 J - Kikubaaqudgha's Incunabulum of Darkness
   (Kikubaaqudgha gifted it to you on level 8 of the Dungeon)

   Spells                             Type                      Level
   a - Animate Dead                   Necromancy                   4
   b - Excruciating Wounds            Charms/Necromancy            5
   c - Bolt of Draining               Conjuration/Necromancy       5
   d - Cigotuvi's Embrace             Necromancy                   5
   e - Dispel Undead                  Necromancy                   5
 L - a book of Battle
   (You found it on level 8 of the Dungeon)
Comestibles
 c - 9 bread rations {@e1}
 f - 8 fruits
 o - 5 meat rations {@e2}
 s - 3 royal jellies
 N - 5 chunks of flesh {@w0}


   Skills:
 - Level 5.6 Fighting
 - Level 4.1 Dodging
 - Level 1.7 Stealth
 - Level 4.1 Shields
 - Level 9.3 Unarmed Combat
 + Level 7.0 Spellcasting
 - Level 3.9 Charms
 + Level 7.8 Necromancy


You had 10 spell levels left.
You knew the following spells:

 Your Spells              Type           Power        Failure   Level  Hunger
a - Shroud of Golubria    Chrm/Tloc      ##........   11%         2    None
r - Regeneration          Chrm/Necr      ###.......   4%          3    ##.....
x - Vampiric Draining     Necr           ####......   1%          3    ##.....
z - Pain                  Necr           ####         1%          1    None
A - Animate Dead          Necr           N/A          6%          4    ####...


Dungeon Overview and Level Annotations

Branches:
Dungeon (10/15)            Temple (1/1) D:4            Lair (0/6) D:8
    Orc: D:9-12

Altars:
Ashenzari
Cheibriados
Dithmenos
Elyvilon
Fedhas
Gozag
Hepliaklqana
Kikubaaqudgha
Makhleb
Nemelex Xobeh
Okawaru
Qazlal
Ru
Sif Muna
Trog
Uskayaw
Vehumet
Wu Jian
Xom
Yredelemnul
Zin
The Shining One


Innate Abilities, Weirdness & Mutations

You have claws for hands.
You have hooves in place of feet.
You have a pair of small horns on your head.


Message History

The bullfrog hits your killer bee zombie.
Your killer bee zombie misses the bullfrog.
You block the hornet's attack.
A bullfrog zombie comes into view.
You now have 10/20 mp.
You call on the dead to rise...
The dead are walking and flying!
The bullfrog completely misses your killer bee zombie.
Your killer bee zombie hits the bullfrog.
Your orc wizard zombie closely misses the hornet.
The hornet closely misses you.
The bullfrog hits your killer bee zombie!
Your killer bee zombie is destroyed!
You now have 7/20 mp.
Unknown command.
You claw the hornet! Your kick misses the hornet.
You block the hornet's attack.
Your bat zombie barely misses the hornet.
Your orc wizard zombie hits the bullfrog.
Your skin crawls.
Your bat zombie closely misses the hornet.
You block the hornet's attack.
Your bat zombie misses the hornet.
The bullfrog hits you!
Your orc wizard zombie misses the bullfrog.
You block the hornet's attack.
The bullfrog zombie hits your orc wizard zombie.
Your bat zombie completely misses the hornet.
Your orc wizard zombie hits the bullfrog.
The bullfrog hits you.
You take 11 damage, and have 33/75 hp.
You now have 4/20 mp.
Unknown command.
You closely miss the bullfrog.
Your bat zombie hits the hornet but does no damage.
The hornet stings you.
You are poisoned.
You feel yourself slow down.
Your bat zombie closely misses the hornet.
Your orc wizard zombie closely misses the bullfrog.
You block the bullfrog's attack.
The bullfrog zombie hits your orc wizard zombie.
You take 3 damage, and have 30/75 hp.
Unknown command.
You closely miss the bullfrog.
You feel sick.
Your bat zombie hits the hornet but does no damage.
Your bat zombie closely misses the hornet.
You block the hornet's attack. You block the bullfrog's attack.
The bullfrog zombie hits your orc wizard zombie.
Your bat zombie barely misses the hornet.
Your orc wizard zombie hits the bullfrog.
You block the hornet's attack.
Your orc wizard zombie hits the bullfrog zombie.
The bullfrog hits you but does no damage.
You scratch the bullfrog.
You feel yourself speed up.
You feel sick.
Your bat zombie hits the hornet but does no damage.
Your bat zombie barely misses the hornet.
The bullfrog zombie hits your orc wizard zombie.
You block the hornet's attack.
Your bat zombie closely misses the hornet.
The bullfrog hits you.
Your orc wizard zombie hits the bullfrog.
Your orc wizard zombie hits the bullfrog zombie.
The bullfrog zombie hits your orc wizard zombie.
The hornet stings you!
* * * LOW HITPOINT WARNING * * *
You feel yourself slow down.
Your bat zombie closely misses the hornet.
You take 16 damage, and have 14/75 hp.
MASSIVE DAMAGE!!
You feel much better.
You feel sick.
Your bat zombie hits the hornet but does no damage.
Your bat zombie closely misses the hornet.
The bullfrog closely misses you. The hornet closely misses you.
Your bat zombie hits the hornet but does no damage.
The bullfrog hits you but does no damage.
The bullfrog zombie hits your orc wizard zombie.
Your orc wizard zombie misses the bullfrog.
Your orc wizard zombie hits the bullfrog zombie.
The hornet stings you!
You feel as though you will be slow longer.
Your bat zombie closely misses the hornet.
The bullfrog hits you.
* * * LOW HITPOINT WARNING * * *
The bullfrog zombie barely misses your orc wizard zombie.
You regained 6 hp, and now have 20/75 hp.
Unknown command.
You barely miss the bullfrog. You kick the bullfrog.
You feel sick.
Your bat zombie closely misses the hornet.
Your bat zombie hits the hornet but does no damage.
The hornet stings you!
* * * LOW HITPOINT WARNING * * *
You feel as though you will be slow longer.
The bullfrog completely misses you.
Your orc wizard zombie hits the bullfrog.
The bullfrog zombie hits your orc wizard zombie.
Your orc wizard zombie is destroyed!
Your bat zombie barely misses the hornet.
The hornet stings you!
You die...
Kikubaaqudgha rasps: "You have failed me!
Welcome... death!"

...###.###.######
.......†..........
..#######..##.....
##......##..
#...###..#..
####.#.####....
#......Z.....#
#.[...ZZyZ###
#......@F.#
#...........#
..##.......(# .##
#........#
#.$......#
#........#
##########


You could see a hornet, a bullfrog, a bullfrog zombie, a friendly frilled lizard
zombie, a friendly bat zombie and a friendly orc wizard zombie.

Vanquished Creatures
  Pikel (D:2)
  Grinder (D:3)
  Sigmund (D:2)
  Eustachio (D:5)
  A wyvern (D:9)
  4 yaks (D:9)
  Edmund (D:4)
  Menkaure (D:5)
  A porcupine (D:8)
  An ice beast (D:9)
  An orc warrior (D:7)
  3 slaves (D:4)
  4 black bears
  5 phantoms
  3 sky beasts
  8 ogres
  4 centaurs
  3 crocodiles (D:8)
  7 bullfrogs
  A big kobold (D:9)
  4 scorpions
  A jelly (D:9)
  5 crimson imps
  A quasit (D:5)
  2 hounds
  A bullfrog zombie (D:7)
  4 orc wizards
  3 orc priests
  Jessica (D:3)
  Ijyb (D:3)
  Natasha (thrice) (D:3)
  7 worker ants
  A killer bee zombie (D:7)
  A hound zombie (D:6)
  A worker ant zombie (D:5)
  11 adders
  7 gnolls
  A river rat (D:6)
  2 shadow imps (D:8)
  An adder skeleton (D:4)
  An adder zombie (D:8)
  A worm (D:5)
  A dart slug (D:2)
  4 leopard geckos
  31 orcs
  6 bats
  13 giant cockroaches
  8 goblins
  6 hobgoblins
  16 jackals
  11 kobolds
  A quokka (D:9)
  5 ball pythons
  14 frilled lizards
  A jackal zombie (D:8)
  A leopard gecko skeleton (D:7)
  A leopard gecko zombie (D:6)
  A quokka skeleton (D:4)
  7 rats
239 creatures vanquished.

Vanquished Creatures (collateral kills)
  A two-headed ogre (D:9)
  A hippogriff (D:10)
  A yak (D:9)
  An orc warrior (D:9)
  2 ice beasts
  An ogre (D:4)
  A crocodile (D:8)
  A howler monkey (D:3)
  A jelly (D:9)
  An orc wizard (D:8)
  An iguana (D:9)
  A worker ant (D:5)
  An adder (Sewer)
  2 leopard geckos
  3 orcs (D:8)
  A ball python (Sewer)
  2 bats (D:1)
  3 hobgoblins
  2 jackals
  2 frilled lizards
  2 kobolds (D:1)
31 creatures vanquished.

Vanquished Creatures (others)
  21 fungi (D:8)
  3 plants (D:8)
24 creatures vanquished.

Grand Total: 294 creatures vanquished

Notes
Turn   | Place    | Note
-------+----------+-------------------------------------------
     0 | D:1      | MackTheKnife the Demonspawn Necromancer began the quest for the Orb.
     0 | D:1      | Reached XP level 1. HP: 13/13 MP: 3/3
     2 | D:1      | Learned a level 1 spell: Animate Skeleton
   677 | D:1      | Gained mutation: You have sharp fingernails. [demonic ancestry]
   677 | D:1      | Reached XP level 2. HP: 19/19 MP: 3/5
  1240 | D:1      | Reached skill level 5 in Necromancy
  1274 | D:1      | Reached XP level 3. HP: 19/24 MP: 5/7
  1381 | D:1      | Learned a level 3 spell: Regeneration
  2061 | D:2      | Reached skill level 3 in Spellcasting
  2076 | D:2      | Noticed Sigmund
  2243 | D:2      | Reached XP level 4. HP: 29/30 MP: 4/8
  2326 | D:2      | Found a glowing golden altar of the Shining One.
  2475 | D:2      | Found a faded altar of an unknown god.
  2637 | D:3      | Noticed Natasha
  2923 | D:3      | Learned a level 4 spell: Animate Dead
  2927 | D:3      | Noticed Grinder
  2954 | D:4      | Noticed a phantom
  2960 | D:3      | Noticed Jessica
  2963 | D:3      | Killed Jessica
  3234 | D:3      | Gained mutation: You have very sharp fingernails. [demonic ancestry]
  3234 | D:3      | Reached XP level 5. HP: 34/35 MP: 7/10
  3448 | D:4      | Noticed Edmund
  3448 | D:4      | Noticed an ogre
  3582 | D:4      | Reached skill level 6 in Necromancy
  3646 | D:4      | Noticed an ogre
  3663 | D:4      | Killed an ogre
  3663 | D:4      | Reached skill level 1 in Fighting
  3663 | D:4      | Reached skill level 2 in Dodging
  3851 | D:4      | Noticed Pikel
  3851 | D:4      | Noticed a slave
  3851 | D:4      | Noticed a slave
  3851 | D:4      | Noticed a slave
  3852 | D:4      | Noticed a slave
  3894 | D:4      | Noticed a phantom
  3899 | D:3      | Noticed Ijyb
  4129 | D:3      | Gained mutation: You have a pair of small horns on your head. [demonic ancestry]
  4129 | D:3      | Reached XP level 6. HP: 43/44 MP: 7/11
  4144 | D:2      | Reached skill level 2 in Fighting
  4215 | D:3      | Killed Natasha
  4233 | D:3      | Noticed Natasha
  4241 | D:3      | Killed Natasha
  4241 | D:3      | Reached skill level 3 in Dodging
  4331 | D:3      | Killed Ijyb
  4443 | D:3      | Noticed Natasha
  4451 | D:3      | Killed Natasha
  4451 | D:3      | Reached skill level 3 in Fighting
  4677 | D:3      | Killed Grinder
  4677 | D:3      | Reached skill level 4 in Dodging
  4677 | D:3      | Gained mutation: You have claws for hands. [demonic ancestry]
  4677 | D:3      | Reached XP level 7. HP: 45/53 MP: 12/12
  5062 | D:4      | Found a staircase to the Ecumenical Temple.
  5068 | Temple   | Entered the Ecumenical Temple
  5073 | Temple   | Became a worshipper of Kikubaaqudgha
  5263 | D:4      | Reached skill level 2 in Unarmed Combat
  5850 | D:4      | Reached skill level 3 in Unarmed Combat
  5931 | D:4      | Killed Edmund
  5967 | D:4      | Reached skill level 4 in Unarmed Combat
  5967 | D:4      | Gained mutation: You have large cloven feet. [demonic ancestry]
  5967 | D:4      | Reached XP level 8. HP: 60/60 MP: 10/13
  6111 | D:2      | Killed Sigmund
  6111 | D:2      | Reached skill level 5 in Unarmed Combat
  6135 | D:2      | Killed Pikel
  6135 | D:2      | Reached skill level 7 in Unarmed Combat
  6247 | D:5      | Entered Level 5 of the Dungeon
  6604 | D:5      | Noticed Eustachio
  6642 | D:5      | Killed Eustachio
  6642 | D:5      | Reached skill level 8 in Unarmed Combat
  6642 | D:5      | Gained mutation: You have hoof-like feet. [demonic ancestry]
  6642 | D:5      | Reached XP level 9. HP: 50/65 MP: 11/14
  6801 | D:5      | Reached * piety under Kikubaaqudgha
  6801 | D:5      | Identified Kikubaaqudgha's Grimoire of Stolen Souls (Kikubaaqudgha gifted it to you on level 5 of the Dungeon)
  6801 | D:5      | Received a gift from Kikubaaqudgha
  6822 | D:5      | Found a shadowy altar of Dithmenos.
  6899 | D:5      | Noticed Menkaure
  6942 | D:5      | Killed Menkaure
  6942 | D:5      | Reached skill level 4 in Spellcasting
  7496 | D:6      | Reached skill level 4 in Fighting
  7734 | D:6      | Found a glowing drain.
  7748 | Sewer    | Entered a sewer
  7764 | Sewer    | Reached ** piety under Kikubaaqudgha
  7976 | Sewer    | Reached skill level 9 in Unarmed Combat
  8248 | D:6      | Reached skill level 5 in Fighting
  8295 | D:6      | Found a shattered altar of Ashenzari.
  9276 | D:7      | Reached skill level 1 in Shields
  9301 | D:7      | Found a shadowy altar of Dithmenos.
  9512 | D:7      | Reached skill level 2 in Shields
  9546 | D:7      | Gained mutation: You have hooves in place of feet. [demonic ancestry]
  9546 | D:7      | Reached XP level 10. HP: 75/75 MP: 13/16
  9602 | D:7      | Found a white marble altar of Elyvilon.
  9856 | D:8      | Found a staircase to the Lair.
  9998 | D:8      | Reached skill level 3 in Shields
 10107 | D:8      | Reached *** piety under Kikubaaqudgha
 10107 | D:8      | Identified Kikubaaqudgha's Incunabulum of Darkness (Kikubaaqudgha gifted it to you on level 8 of the Dungeon)
 10107 | D:8      | Received a gift from Kikubaaqudgha
 10115 | D:8      | Learned a level 3 spell: Vampiric Draining
 10190 | D:8      | Learned a level 2 spell: Shroud of Golubria
 10225 | D:8      | Reached skill level 4 in Shields
 10306 | D:8      | Reached skill level 1 in Charms
 10420 | D:8      | Reached skill level 5 in Spellcasting
 10535 | D:8      | Found a faded altar of an unknown god.
 10535 | D:8      | Found a basalt altar of Yredelemnul.
 10541 | D:8      | Found a blossoming altar of Fedhas.
 10553 | D:8      | Found a bloodstained altar of Trog.
 10554 | D:8      | Found a faded altar of an unknown god.
 10909 | D:8      | Reached skill level 2 in Charms
 11095 | D:9      | Reached skill level 3 in Charms
 11096 | D:9      | HP: 14/75 [yak (11)]
 11203 | D:9      | Reached skill level 6 in Spellcasting
 11259 | D:9      | Found an opulent altar of Gozag.
 11458 | D:9      | Reached **** piety under Kikubaaqudgha
 11806 | D:9      | Reached skill level 7 in Necromancy
 11951 | D:9      | Noticed a two-headed ogre
 11960 | D:9      | HP: 10/75 [two-headed ogre/giant spiked club (28)]
 11961 | D:9      | Killed a two-headed ogre
 12259 | D:10     | Entered Level 10 of the Dungeon
 12264 | D:10     | Reached skill level 7 in Spellcasting
 12313 | D:10     | HP: 14/75 [hornet (15)]
 12315 | D:10     | HP: 6/75 [hornet (15)]
 12315 | D:10     | Mangled by a hornet

Vault maps used:
D:1:      sevenhm_arrival_forest_fort_large_2
D:2:      minmay_wonky_spiral, chequers_ecumenical_altar_lobes, first_bread,
          tso_metal_star, uniq_sigmund
D:3:      minivault_5, uniq_grinder, uniq_natasha, uniq_ijyb, uniq_jessica
D:4:      minmay_temple_entry_nine_rooms, minivault_5, kennysheep_potato,
          uniq_edmund, uniq_pikel
D:5:      kennysheep_spiral_hall, nicolae_dithmenos_shadow_blocks,
          uniq_menkaure, uniq_eustachio
D:6:      nicolae_ashenzari_panopticon, gup_sewer_entry_bubbles
D:7:      lemuel_round_altar, elyvilon_altar_3, grunt_ogre_cave
D:8:      chequers_temple_overflow_minitemple, due_lair_maze_entry_diamond,
          hangedman_decor_lopped
D:9:      kennysheep_mini
D:10:     david_orc_5, serial_shops, shop, shop,
          nicolae_shop_temple_entry_statues_fountains, shop, cheibriados_altar_1
Temple:   minmay_freezing_vapour_temple
Sewer:    sewer_frog_island_01

Skill      XL: |  1  2  3  4  5  6  7  8  9 10 |
---------------+-------------------------------+-----
Necromancy     | 5 6 7 |  7.8
Spellcasting   | 3 4 7 |  7.0
Fighting       | 1 3 5 |  5.6
Dodging        | 2 4 |  4.1
Unarmed Combat | 4 8 9 |  9.3
Shields        | 2 4 |  4.1
Charms         | 3 |  3.9
Stealth        | |  1.7

Action                   |  1- 3 |  4- 6 |  7- 9 | 10-12 || total
-------------------------+-------+-------+-------+-------++-------
Melee: Unarmed           |    26 |       |   339 |   199 ||   564
       Whip              |    68 |       |       |       ||    68
       Dagger            |       |    11 |       |       ||    11
       Headbutt          |       |     3 |    36 |    39 ||    78
       Punch             |       |       |     9 |       ||     9
       Kick              |       |       |    52 |    55 ||   107
 Fire: Hunting sling     |    39 |    48 |    19 |       ||   106
Throw: Stone             |       |       |    44 |    13 ||    57
 Cast: Pain              |    32 |    87 |    30 |    18 ||   167
       Animate Skeleton  |    16 |    10 |       |       ||    26
       Regeneration      |       |     3 |     7 |     7 ||    17
       Animate Dead      |       |     2 |    16 |    17 ||    35
Invok: Receive Corpses   |       |       |     1 |     7 ||     8
Evoke: Wand              |       |     1 |    12 |     1 ||    14
  Use: Scroll            |       |     9 |     3 |     3 ||    15
       Potion            |       |     1 |       |     1 ||     2
 Stab: Sleeping          |     1 |       |     2 |       ||     3
       Paralysed         |       |     6 |    19 |       ||    25
       Distracted        |       |       |       |     1 ||     1
  Eat: Chunk             |     5 |     7 |    12 |    11 ||    35
       Bread ration      |       |       |     2 |     1 ||     3
Armor: Robe              |    41 |    15 |     6 |       ||    62
       Skin              |       |     2 |       |       ||     2
       Leather armour    |       |       |    40 |    25 ||    65
Dodge: Dodged            |   108 |    42 |   190 |    81 ||   421
Block: Buckler           |       |       |     2 |    60 ||    62

Vault maps used:
D:1:      sevenhm_arrival_forest_fort_large_2
D:2:      minmay_wonky_spiral, chequers_ecumenical_altar_lobes, first_bread,
          tso_metal_star, uniq_sigmund
D:3:      minivault_5, uniq_grinder, uniq_natasha, uniq_ijyb, uniq_jessica
D:4:      minmay_temple_entry_nine_rooms, minivault_5, kennysheep_potato,
          uniq_edmund, uniq_pikel
D:5:      kennysheep_spiral_hall, nicolae_dithmenos_shadow_blocks,
          uniq_menkaure, uniq_eustachio
D:6:      nicolae_ashenzari_panopticon, gup_sewer_entry_bubbles
D:7:      lemuel_round_altar, elyvilon_altar_3, grunt_ogre_cave
D:8:      chequers_temple_overflow_minitemple, due_lair_maze_entry_diamond,
          hangedman_decor_lopped
D:9:      kennysheep_mini
D:10:     david_orc_5, serial_shops, shop, shop,
          nicolae_shop_temple_entry_statues_fountains, shop, cheibriados_altar_1
Temple:   minmay_freezing_vapour_temple
Sewer:    sewer_frog_island_01

Table legend:
 A = Turns spent in this place as a percentage of turns spent in the entire game.
 B = Non-inter-level travel turns spent in this place as a percentage of non-inter-level travel turns spent in the entire game.
 C = Inter-level travel turns spent in this place as a percentage of turns spent in this place.
 D = Turns resting spent in this place as a percentage of non-inter-level travel turns spent in this place.
 E = Turns spent auto-exploring this place as a percentage of non-inter-level travel turns spent in this place.
 F = Non-inter-level travel turns spent in this place divided by the number of levels of this place that you've seen.
                   A       B       C       D       E      F
               +-------+-------+-------+-------+-------+----------------------
         Total | 100.0 | 100.0 |   0.8 |   2.3 |   5.3 | 369.7
       Dungeon |  94.2 |  94.1 |   0.9 |   2.5 |   5.6 | 417.6
        Temple |   0.2 |   0.2 |   0.0 |   0.0 |   0.0 |  10.0
         Sewer |   5.6 |   5.6 |   0.0 |   0.0 |   0.0 | 250.0
               +-------+-------+-------+-------+-------+----------------------

Table legend:
 A = Kills in this place as a percentage of kills in entire the game.
 B = Kills by you in this place as a percentage of kills by you in the entire game.
 C = Kills by friends in this place as a percentage of kills by friends in the entire game.
 D = Other kills in this place as a percentage of other kills in the entire game.
 E = Experience gained in this place as a percentage of experience gained in the entire game.
 F = Experience gained in this place divided by the number of levels of this place that you have seen.
                   A       B       C       D       E      F
               +-------+-------+-------+-------+-------+----------------------
         Total | 100.0 | 100.0 | 100.0 |  -nan | 100.0 | 908.1
       Dungeon |  92.9 |  93.2 |  90.3 |  -nan |  99.0 | 1078.5
         Sewer |   7.1 |   6.8 |   9.7 |  -nan |   1.0 | 112.0
               +-------+-------+-------+-------+-------+----------------------
